 Dungeon Crawl Stone Soup version 0.19-a0-1448-g1485906 (webtiles) character file.

24100 PurpleRed the Destroyer (level 12, 0/59 HPs)
             Began as a Deep Elf Conjurer on Sept 5, 2016.
             Was a High Priest of Vehumet.
             Slain by a spiny frog (17 damage)
             ... on level 5 of the Lair of Beasts.
             The game lasted 01:09:07 (4958 turns).

PurpleRed the Destroyer (Deep Elf Conjurer)         Turns: 4958, Time: 01:09:07

Health: 0/59       AC:  8    Str:  5    XL:     12   Next: 77%
Magic:  1/31       EV: 12    Int: 30    God:    Vehumet [*****.]
Gold:   642        SH:  0    Dex: 15    Spells: 6 memorised, 18 levels left

rFire  . . .     SeeInvis .     z - staff of energy
rCold  . . .     Gourm    .     K - troll hide
rNeg   . . .     Faith    .     (no shield)
rPois  +         Spirit   .     H - +1 hat
rElec  .         Dismiss  .     A - +1 cloak
rCorr  .         Reflect  .     (no gloves)
MR     +....     Harm     .     p - +2 pair of boots of the Endless Expanse {Int+4}
Stlth  ++........               (no amulet)
                                s - ring of poison resistance
                                d - ring of wizardry

@: lethally poisoned (0 -> -3)
A: no striking features
a: Renounce Religion


You were on level 5 of the Lair of Beasts.
You worshipped Vehumet.
Vehumet was extremely pleased with you.
You were not hungry.

You visited 3 branches of the dungeon, and saw 20 of its levels.
You also visited: Ice Cave.

You collected 642 gold pieces.

Inventory:

Hand Weapons
 w - the +9 short sword of Inflation {freeze, *Corrode rElec rPois Stlth+}
   (You found it on level 3 of the Lair of Beasts)

   It has been specially enchanted to freeze those struck by it, causing extra
   injury to most foes and up to half again as much damage against particularly
   susceptible opponents.
   It can also slow down cold-blooded creatures.
   It insulates you from electricity.
   It protects you from poison.
   It may corrode you when you take damage.
   It makes you more stealthy.
Armour
 p - the +2 pair of boots of the Endless Expanse (worn) {Int+4}
   (You found it on level 9 of the Dungeon)

   It affects your intelligence (+4).
 A - a +1 cloak (worn)
 H - a +1 hat (worn)
 K - a troll hide (worn)
 M - a +1 robe of magic resistance
Magical Staves
 z - an uncursed staff of energy (weapon)
Jewellery
 d - a ring of wizardry (left hand)
 s - a ring of poison resistance (right hand)
 y - an uncursed ring of protection from magic
 F - an uncursed ring of resist corrosion
Wands
 a - a wand of teleportation (3/9)
 u - a wand of lightning (0/15)
 v - a wand of lightning (7/15)
 x - a wand of iceblast (4/15)
 D - a wand of lightning (0/15)
Scrolls
 i - 2 scrolls of recharging
 m - 2 scrolls of immolation
 q - 4 scrolls of remove curse
 t - 2 scrolls of teleportation
 I - 2 scrolls of amnesia
Potions
 e - a potion of experience {unknown}
 g - 5 potions of cancellation
 j - a potion of might
 k - a potion of flight
 n - 2 potions of lignification
 o - 4 potions of curing
 B - a potion of invisibility
 L - 4 potions of haste {unknown}
 N - a potion of ambrosia {unknown}
 P - a potion of resistance {unknown}
Books
 b - a book of Conjurations

   Spells                             Type                      Level
   a - Magic Dart                     Conjuration                  1
   b - Searing Ray                    Conjuration                  2
   c - Dazzling Spray                 Conjuration/Hexes            3
   d - Fulminant Prism                Conjuration/Hexes            4
   e - Iskenderun's Mystic Blast      Conjuration                  4
   f - Iskenderun's Battlesphere      Conjuration/Charms           5
 J - a book of Transfigurations

   Spells                             Type                      Level
   a - Irradiate                      Conjuration/Transmutation    5
   b - Statue Form                    Transmutation/Earth          6
   c - Hydra Form                     Transmutation                6
   d - Dragon Form                    Transmutation                7
Miscellaneous
 f - a crystal ball of energy
Comestibles
 c - 6 bread rations
 h - 4 beef jerkies
 l - 3 meat rations
 r - 8 royal jellies
 G - 3 fruits
 O - a slice of pizza


   Skills:
 - Level 2.4 Dodging
 - Level 2.4 Stealth
 + Level 13.7 Spellcasting
 + Level 14.4 Conjurations
 - Level 9.3 Charms
 * Level 10.4 Fire Magic
 - Level 8.2 Evocations


You had 18 spell levels left.
You knew the following spells:

 Your Spells              Type           Power        Failure   Level  Hunger
a - Magic Dart            Conj           ####         0%          1    None
b - Searing Ray           Conj           ######       1%          2    None
c - Iskenderun's Mystic   Conj           #######.     1%          4    None
d - Iskenderun's Battles  Conj/Chrm      ######..     1%          5    None
e - Inner Flame           Hex/Fire       ######..     1%          3    None
f - Bolt of Magma         Conj/Fire/Erth ######....   1%          5    None


Dungeon Overview and Level Annotations

Branches:
Dungeon (14/15)            Temple (1/1) D:6            Lair (5/6) D:11
 Spider (0/4) Lair:2          Orc (0/2) D:12
  Swamp: Lair:2-4    Shoals: Lair:2-4     Slime: Lair:5-6    Vaults: D:13-14

Altars:
Cheibriados
Dithmenos
Elyvilon
Fedhas
Gozag
Hepliaklqana
Kikubaaqudgha
Makhleb
Nemelex Xobeh
Ru
Sif Muna
Trog
Uskayaw
Vehumet
Zin
The Shining One

Shops:
D:4 %   D:6 }


Message History

Vehumet accepts your kill. The spiny frog misses you.
Casting: Bolt of Magma
Confirm with . or Enter, or press ? or * to list all spells.
Aiming: Bolt of Magma
Press: ? - help, Shift-Dir - straight line, f - yak
Aim: a yak The bolt of magma misses the spiny frog.
The bolt of magma hits the yak.
The yak is severely wounded.
The spiny frog stings you!!
* * * LOW HITPOINT WARNING * * *
You are lethally poisoned!
The spiny frog poisons you!
Okay, then.
Okay, then.
Okay, then.
Okay, then.
You feel much better.
You feel sick. The spiny frog stings you!
You die...

#..........##P..#..#.....
##..####....#...........#
#.## #..###............
### #### #........#...
#........# ##......P##..
## ####.Y........
#.##.##..........
#...@F.....#P..P
##...Y#....#####
####...###.#.#
#####.##.#.# ##..###
###..##....#.# #####.###
###............###P...#..#
#......####....##P.......
#......# ##.....#.P...##
#......##.#....#.P..†..#


You could see 2 yaks and a spiny frog.

Vanquished Creatures
  Snorg (D:10)
  2 hydras
  3 death yaks (Lair:1)
  A fire crab (Lair:4)
  An unseen horror (D:12)
  An ugly thing (D:12)
  A cyclops (D:11)
  3 black mambas
  Joseph (D:7)
  An elephant (Lair:5)
  A centaur zombie (D:11)
  3 spiny frogs
  2 ice devils (D:11)
  A kobold demonologist (D:12)
  A queen bee (D:9)
  4 trolls
  Grinder (D:5)
  Prince Ribbit (D:5)
  5 blink frogs (Lair:5)
  A redback (Lair:2)
  A shadow (D:12)
  A wraith (D:11)
  3 wyverns
  23 yaks
  3 hippogriffs
  3 hungry ghosts
  Eustachio (D:6)
  Menkaure (D:4)
  2 swamp worms (Lair:3)
  A mottled dragon (D:10)
  5 water moccasins
  4 porcupines
  2 phantoms
  5 orc warriors
  An ice beast (D:8)
  A wasp (D:12)
  5 ogres
  5 centaurs
  5 crocodiles
  4 big kobolds
  2 gnoll sergeants (D:12)
  9 giant frogs
  2 water moccasin skeletons
  21 killer bees (D:9)
  9 wights
  A lava snake (Lair:4)
  A wasp zombie (D:12)
  3 giant frog zombies
  3 crimson imps
  2 jellies
  3 orc priests
  3 hounds
  A centaur skeleton (D:9)
  4 iguanas
  13 orc wizards
  7 worker ants
  A killer bee zombie (D:6)
  A hound skeleton (D:7)
  2 howler monkey zombies
  A howler monkey skeleton (D:9)
  24 river rats
  12 adders
  A shadow imp (D:9)
  An adder zombie (D:9)
  A worm (D:4)
  3 dart slugs
  2 giant geckos
  28 orcs
  A giant cockroach (D:3)
  2 goblins
  4 hobgoblins (D:2)
  12 jackals
  5 kobolds
  4 quokkas
  A ball python (D:3)
  3 bats
  4 giant newts
  6 rats
314 creatures vanquished.

Vanquished Creatures (others)
  2 fungi (Lair:5)
2 creatures vanquished.

Grand Total: 316 creatures vanquished

Notes
Turn   | Place    | Note
-------+----------+-------------------------------------------
     0 | D:1      | PurpleRed the Deep Elf Conjurer began the quest for the Orb.
     0 | D:1      | Reached XP level 1. HP: 10/10 MP: 6/6
    74 | D:2      | Reached XP level 2. HP: 6/15 MP: 1/8
    78 | D:2      | Found a snail-covered altar of Cheibriados.
   184 | D:3      | Learned a level 2 spell: Searing Ray
   311 | D:2      | Reached XP level 3. HP: 8/19 MP: 2/10
   359 | D:2      | Found an ancient bone altar of Kikubaaqudgha.
   359 | D:2      | Found a snail-covered altar of Cheibriados.
   444 | D:3      | Reached skill level 5 in Conjurations
   508 | D:3      | Reached XP level 4. HP: 24/24 MP: 3/12
   538 | D:3      | You fall through a shaft for 3 floors!
   545 | D:6      | Noticed Eustachio
   550 | D:6      | Killed Eustachio
   550 | D:6      | Reached skill level 5 in Spellcasting
   550 | D:6      | Reached skill level 6 in Conjurations
   550 | D:6      | Reached XP level 5. HP: 26/28 MP: 0/15
   564 | D:6      | Learned a level 4 spell: Iskenderun's Mystic Blast
   570 | D:6      | Learned a level 5 spell: Iskenderun's Battlesphere
   588 | D:6      | Found a staircase to the Ecumenical Temple.
   597 | Temple   | Entered the Ecumenical Temple
   648 | Temple   | Became a worshipper of Vehumet
   755 | D:6      | Found Wossahyr's Gadget Shoppe.
   850 | D:5      | Entered Level 5 of the Dungeon
   886 | D:6      | Reached XP level 6. HP: 27/32 MP: 11/16
   954 | D:5      | Noticed Prince Ribbit
  1022 | D:4      | Noticed a hungry ghost
  1027 | D:4      | Killed a hungry ghost
  1027 | D:4      | Reached skill level 7 in Conjurations
  1027 | D:4      | Reached skill level 1 in Charms
  1101 | D:4      | Found Qarr's Food Emporium.
  1158 | D:4      | Reached * piety under Vehumet
  1158 | D:4      | Offered knowledge of Sandblast by Vehumet.
  1217 | D:5      | Noticed Grinder
  1224 | D:5      | Killed Grinder
  1224 | D:5      | Reached XP level 7. HP: 36/36 MP: 3/19
  1344 | D:4      | Reached skill level 8 in Conjurations
  1381 | D:4      | Noticed Menkaure
  1443 | D:4      | Killed Menkaure
  1443 | D:4      | Reached XP level 8. HP: 23/41 MP: 2/21
  1499 | D:4      | Found a white marble altar of Elyvilon.
  1545 | D:5      | Reached skill level 9 in Conjurations
  1561 | D:5      | Killed Prince Ribbit
  1561 | D:5      | Reached skill level 5 in Charms
  1561 | D:5      | Reached skill level 1 in Evocations
  1805 | D:7      | Noticed Joseph
  1814 | D:7      | Killed Joseph
  1850 | D:8      | Reached skill level 10 in Conjurations
  1850 | D:8      | Reached XP level 9. HP: 25/45 MP: 4/23
  1885 | D:8      | Reached ** piety under Vehumet
  1885 | D:8      | Offered knowledge of Shock by Vehumet.
  1950 | D:9      | Noticed a troll
  1953 | D:9      | Killed a troll
  2054 | D:9      | Got a pair of steaming boots
  2065 | D:9      | Identified the +2 pair of boots of the Endless Expanse {Int+4} (You found it on level 9 of the Dungeon)
  2136 | D:9      | Reached skill level 11 in Conjurations
  2139 | D:9      | Noticed a queen bee
  2141 | D:9      | Killed a queen bee
  2142 | D:9      | Offered knowledge of Inner Flame by Vehumet.
  2154 | D:9      | Learned a level 3 spell: Inner Flame
  2183 | D:9      | Reached skill level 5 in Evocations
  2190 | D:9      | Reached XP level 10. HP: 24/50 MP: 2/25
  2209 | D:9      | Reached *** piety under Vehumet
  2216 | D:9      | Noticed a tengu warrior
  2264 | D:9      | Reached skill level 10 in Spellcasting
  2493 | D:10     | Entered Level 10 of the Dungeon
  2503 | D:10     | Offered knowledge of Olgreb's Toxic Radiance by Vehumet.
  2819 | D:10     | Reached skill level 12 in Conjurations
  2879 | D:10     | Reached **** piety under Vehumet
  2913 | D:10     | Noticed Snorg
  2930 | D:10     | Killed Snorg
  2930 | D:10     | Offered knowledge of Bolt of Magma by Vehumet.
  2938 | D:10     | Learned a level 5 spell: Bolt of Magma
  3151 | D:11     | Reached skill level 1 in Fire Magic
  3151 | D:11     | Reached XP level 11. HP: 54/54 MP: 11/28
  3281 | D:11     | Found a staircase to the Lair.
  3392 | D:11     | Found a frozen archway.
  3413 | IceCv    | Entered an ice cave
  3413 | IceCv    | Noticed a white ugly thing
  3517 | D:12     | Reached skill level 13 in Conjurations
  3678 | D:12     | Noticed a white ugly thing
  3686 | D:12     | Killed a white ugly thing
  3746 | D:12     | Reached skill level 5 in Fire Magic
  3761 | D:12     | Killed an unseen horror
  3796 | D:12     | Found a staircase to the Orcish Mines.
  3929 | D:11     | Reached ***** piety under Vehumet
  3961 | Lair:1   | Entered Level 1 of the Lair of Beasts
  3987 | Lair:1   | Noticed a death yak
  3994 | Lair:1   | Offered knowledge of Venom Bolt by Vehumet.
  3997 | Lair:1   | Killed a death yak
  4048 | Lair:1   | Noticed a death yak
  4049 | Lair:1   | Noticed a death yak
  4071 | Lair:1   | Killed a death yak
  4071 | Lair:1   | Killed a death yak
  4071 | Lair:1   | Reached XP level 12. HP: 59/59 MP: 18/30
  4169 | Lair:2   | Noticed an eight-headed hydra
  4174 | Lair:2   | Killed an eight-headed hydra
  4395 | Lair:2   | Found a hole to the Spider Nest.
  4533 | Lair:3   | Reached skill level 14 in Conjurations
  4584 | Lair:3   | Got a transparent short sword
  4782 | Lair:5   | Identified the +9 short sword of Inflation {freeze, *Corrode rElec rPois Stlth+} (You found it on level 3 of the Lair of Beasts)
  4804 | Lair:4   | Noticed a six-headed hydra
  4808 | Lair:4   | Killed a six-headed hydra
  4808 | Lair:4   | Reached skill level 10 in Fire Magic
  4958 | Lair:5   | Slain by a spiny frog

Vault maps used:
D:1:      ncdulo_lavacross, nemelex_diamond_rough_becter
D:2:      gammafunk_temple_overflow_wave, first_bread, kennysheep_slug_shrine
D:4:      kennysheep_spiral_hall, elyvilon_altar_4, serial_shops, shop,
          uniq_menkaure
D:5:      marbit_many_paths, uniq_prince_ribbit1, uniq_grinder
D:6:      serial_shops, shop, uniq_eustachio
D:7:      gammafunk_temple_overflow_elements, kennysheep_nondescript,
          uniq_joseph
D:8:      uniq_pikel
D:9:      david_nohive_1
D:10:     uniq_snorg
D:11:     lair_0_dummy, portal_ice_cave_demonic_guard
D:12:     kennysheep_orc_monster_closet_entryway
D:13:     lemuel_bear_cage, serial_shops, shop
D:14:     david_vaults_1, basic_altar, serial_shops, nicolae_shop_waterfront,
          minmay_misc_feat_columns
Temple:   regret_index_temple_waves
Lair:1:   grunt_megastairs_3
Lair:2:   spider_nest_entry_a
Lair:3:   nicolae_swamp_entry_splash_gauntlet, uniq_sonja
Lair:5:   minivault_24, st_stairs_3
IceCv:    ice_cave_statue_garden_teleport

Skill      XL: |  1  2  3  4  5  6  7  8  9 10 11 12 |
---------------+-------------------------------------+-----
Spellcasting   | 4 5 6 7 8 9 11 12 13 | 13.7
Conjurations   | 5 6 7 8 10 11 12 13 14 | 14.4
Charms         | 3 4 6 8 9 |  9.3
Evocations     | 3 5 7 8 |  8.2
Fire Magic     | 1 7 10 | 10.4
Dodging        | |  2.4
Stealth        | |  2.4

Action                   |  1- 3 |  4- 6 |  7- 9 | 10-12 || total
-------------------------+-------+-------+-------+-------++-------
Melee: Club              |    13 |       |       |       ||    13
       Staff             |       |       |       |     1 ||     1
 Cast: Magic Dart        |    45 |    20 |    95 |   272 ||   432
       Searing Ray       |     4 |    14 |     5 |     7 ||    30
       Iskenderun's Batt |       |     1 |    20 |    65 ||    86
       Iskenderun's Myst |       |       |    13 |    38 ||    51
       Bolt of Magma     |       |       |       |    27 ||    27
       Inner Flame       |       |       |       |     1 ||     1
Evoke: Staff of energy   |       |       |    41 |    98 ||   139
       Wand              |       |       |       |     2 ||     2
  Use: Scroll            |       |     8 |     7 |     8 ||    23
       Potion            |       |       |       |     5 ||     5
  Eat: Chunk             |       |     1 |     6 |    11 ||    18
       Pizza             |       |       |       |     1 ||     1
       Beef jerky        |       |       |       |     1 ||     1
       Fruit             |       |       |       |     1 ||     1
Armor: Robe              |     5 |     1 |     3 |     7 ||    16
       Skin              |       |       |       |     4 ||     4
       Troll hide        |       |       |       |     2 ||     2
Dodge: Dodged            |    26 |    23 |    16 |    25 ||    90
